 Dungeon Sprint DCSS version 0.19.1-1-g22dce08 (webtiles) character file.

8915 Hipnos the Imperceptible (level 11, -1/51 HPs)
             Began as a Spriggan Enchanter on Jan 14, 2017.
             Was a Priest of Nemelex Xobeh.
             Killed from afar by a fire giant (52 damage)
             ... with a fireball
             ... in the Dungeon (Sprint I: "Red Sonja").
             The game lasted 00:08:46 (1338 turns).

Hipnos the Imperceptible (Spriggan Enchanter)       Turns: 1338, Time: 00:08:47

Health: -1/51      AC:  5    Str:  4    XL:     11   Next: 16%
Magic:  26/26      EV: 24    Int: 20    God:    Nemelex Xobeh [***...]
Gold:   716        SH:  5    Dex: 17    Spells: 3 memorised, 25 levels left

rFire  . . .     SeeInvis +     a - +1 dagger
rCold  + . .     Gourm    .     m - +0 robe {rC+}
rNeg   . . .     Faith    .     n - +0 buckler
rPois  .         Spirit   .     (helmet restricted)
rElec  .         Reflect  .     p - +2 cloak
rCorr  .         Harm     .     (gloves unavailable)
MR     +....     NoTele   +     (boots unavailable)
Stlth  +++++++++.               (no amulet)
                                (no ring)
                                (no ring)

@: very quick
A: unfitting armour, see invisible, herbivore 3, speed 3, slow metabolism 2
a: Triple Draw, Renounce Religion


You were in the Dungeon.
You worshipped Nemelex Xobeh.
Nemelex Xobeh was most pleased with you.
You were not hungry.

You visited 1 branch You collected 1038 gold pieces.
You spent 322 gold pieces at shops.

Inventory:

Hand Weapons
 a - a +1 dagger (weapon)
Armour
 b - a +1 robe
 m - a +0 robe of cold resistance (worn)
 n - a +0 buckler (worn)
 p - a +2 cloak (worn)
Scrolls
 i - a scroll of enchant armour {unknown}
 j - 2 scrolls of blinking
 o - a scroll of remove curse {unknown}
 r - a scroll of recharging {unknown}
Potions
 e - 4 potions of curing
 f - a potion of heal wounds
 g - a potion of haste
 h - 2 potions of magic
 k - a potion of cancellation {unknown}
Books
 c - a book of Maledictions

   Spells                             Type                      Level
   a - Corona                         Hexes                        1
   b - Ensorcelled Hibernation        Hexes/Ice                    2
   c - Confuse                        Hexes                        3
   d - Tukima's Dance                 Hexes                        3
   e - Dazzling Spray                 Conjuration/Hexes            3
Miscellaneous
 l - a plain deck of destruction {drawn: 1}
 q - a plain deck of destruction
 s - a plain deck of destruction
 t - an ornate deck of summoning
 u - an ornate deck of destruction
Comestibles
 d - a bread ration


   Skills:
 + Level 2.3 Fighting
 + Level 7.6 Short Blades
 + Level 9.7 Dodging
 * Level 26.9 Stealth
 + Level 0.1 Shields
 + Level 10.8 Spellcasting
 + Level 14.2 Hexes
 + Level 4.5 Ice Magic
 + Level 0.6 Invocations


You had 25 spell levels left.
You knew the following spells:

 Your Spells              Type           Power        Failure   Level  Hunger
a - Corona                Hex            ######.      1%          1    None
b - Ensorcelled Hibernat  Hex/Ice        #####.       1%          2    None
c - Confuse               Hex            ######..     1%          3    None


Dungeon Overview and Level Annotations

Branches:
Dungeon (1/1)

Altars:
Cheibriados
Dithmenos
Elyvilon
Fedhas
Gozag
Hepliaklqana
Kikubaaqudgha
Makhleb
Nemelex Xobeh
Okawaru
Qazlal
Ru
Sif Muna
Trog
Uskayaw
Vehumet
Xom
Yredelemnul
Zin
The Shining One
Jiyva
Lugonu

Shops:
D [*[


Innate Abilities, Weirdness & Mutations

You are very small and have problems with some larger weapons.
You are too small for most types of armour.
You have supernaturally acute eyesight. (SInv)
You are a herbivore.
You cover ground extremely quickly.
You need consume almost no food.


Message History

The daeva shouts!
The daeva calls down the wrath of the Shining One upon you.
The Shining One smites you!
Found a metal-bound book.
You close the door.
You start resting.
HP restored.
You open the door. Nemelex Xobeh grants you a gift!
Something appears at your feet!
There is an open door here.
You see here an ornate deck of destruction.
u - an ornate deck of destruction A fire giant comes into view.
It is wielding a great sword of flaming.
The fire giant shouts!
The fire giant casts a spell at you.
The fireball explodes!
The fireball engulfs you!
Ouch! That really hurt!
You die...
Your body glows slightly and disappears. ###§9§ #..###$# m≈e

# §§.#
#.##..$#
.≈# ##
.§##
#..#+###
∩# ..#
##...#
## ###.#
#.# #.#
####'#
#.@..#
#...####
.C...##
.###


You could see a fire giant.

Vanquished Creatures
  A hydra (D)
  Sonja (D)
  A deep troll (D)
  5 unseen horrors (D)
  A lindwurm (D)
  2 kobold demonologists (D)
  4 demonic crawlers (D)
  A slime creature (D)
  Sigmund (D)
  A yak (D)
  13 hogs (D)
  2 floating eyes (D)
  An ogre (D)
  A jelly (D)
  Ijyb (D)
  A ballistomycete spore (D)
37 creatures vanquished.

Vanquished Creatures (others)
  A gargoyle (D)
  A ballistomycete spore (D)
2 creatures vanquished.

Grand Total: 39 creatures vanquished

Notes
Turn   | Place    | Note
-------+----------+-------------------------------------------
     0 | D        | Hipnos the Spriggan Enchanter began the quest for the Orb.
     0 | D        | Reached XP level 1. HP: 9/9 MP: 5/5
     1 | D        | Noticed Ijyb
    33 | D        | Killed Ijyb
    33 | D        | Reached skill level 7 in Stealth
    33 | D        | Reached skill level 5 in Hexes
    33 | D        | Reached XP level 2. HP: 7/13 MP: 7/7
    73 | D        | Learned a level 2 spell: Ensorcelled Hibernation
   217 | D        | Noticed an ogre
   220 | D        | Killed an ogre
   220 | D        | Reached skill level 10 in Stealth
   220 | D        | Reached XP level 3. HP: 16/16 MP: 7/9
   220 | D        | Reached XP level 4. HP: 21/21 MP: 8/11
   248 | D        | Noticed Sigmund
   251 | D        | Killed Sigmund
   251 | D        | Reached skill level 5 in Dodging
   251 | D        | Reached skill level 13 in Stealth
   251 | D        | Reached skill level 5 in Spellcasting
   251 | D        | Reached XP level 5. HP: 24/24 MP: 11/13
   251 | D        | Reached XP level 6. HP: 28/28 MP: 11/14
   263 | D        | Found a burning altar of Makhleb.
   263 | D        | Found a viscous altar of Jiyva.
   263 | D        | Found a shimmering altar of Xom.
   263 | D        | Found a corrupted altar of Lugonu.
   263 | D        | Noticed a slime creature
   266 | D        | Killed a slime creature
   266 | D        | Reached skill level 15 in Stealth
   268 | D        | Found a deep blue altar of Sif Muna.
   270 | D        | Found a radiant altar of Vehumet.
   311 | D        | Found Woyqogoo's Assorted Antiques.
   311 | D        | Found an ancient bone altar of Kikubaaqudgha.
   311 | D        | Found a hazy altar of Hepliaklqana.
   311 | D        | Found a stormy altar of Qazlal.
   311 | D        | Found a hide-covered altar of Uskayaw.
   311 | D        | Found a blossoming altar of Fedhas.
   311 | D        | Found a bloodstained altar of Trog.
   311 | D        | Found an iron altar of Okawaru.
   311 | D        | Found a basalt altar of Yredelemnul.
   311 | D        | Found a glowing golden altar of the Shining One.
   311 | D        | Found a snail-covered altar of Cheibriados.
   311 | D        | Found a sacrificial altar of Ru.
   311 | D        | Found a glowing silver altar of Zin.
   311 | D        | Found a shadowy altar of Dithmenos.
   311 | D        | Found a white marble altar of Elyvilon.
   311 | D        | Noticed a yak
   312 | D        | Found an opulent altar of Gozag.
   313 | D        | Killed a yak
   313 | D        | Reached skill level 16 in Stealth
   313 | D        | Reached skill level 10 in Hexes
   313 | D        | Reached XP level 7. HP: 32/32 MP: 15/17
   314 | D        | Found a sparkling altar of Nemelex Xobeh.
   318 | D        | Became a worshipper of Nemelex Xobeh the Trickster
   345 | D        | Noticed a kobold demonologist
   346 | D        | Noticed a kobold demonologist
   350 | D        | Killed a kobold demonologist
   350 | D        | Reached skill level 17 in Stealth
   352 | D        | Killed a kobold demonologist
   352 | D        | Reached skill level 18 in Stealth
   352 | D        | Reached skill level 1 in Ice Magic
   352 | D        | Reached XP level 8. HP: 37/37 MP: 15/20
   372 | D        | Received a gift from Nemelex Xobeh
   372 | D        | Noticed Sonja
   376 | D        | Killed Sonja
   376 | D        | Reached skill level 1 in Fighting
   376 | D        | Reached skill level 5 in Short Blades
   376 | D        | Reached skill level 20 in Stealth
   400 | D        | Learned a level 3 spell: Confuse
   400 | D        | Noticed a deep troll
   404 | D        | Killed a deep troll
   404 | D        | Reached skill level 21 in Stealth
   404 | D        | Reached XP level 9. HP: 41/41 MP: 22/22
   414 | D        | Found Soblivet's Armour Emporium.
   420 | D        | Bought a +0 robe of cold resistance for 84 gold pieces
   420 | D        | Bought a +0 buckler for 49 gold pieces
   459 | D        | Found Puorphuf's Antique Armour Boutique.
   467 | D        | Bought an embroidered cloak for 189 gold pieces
   486 | D        | Reached * piety under Nemelex Xobeh
   486 | D        | Received a gift from Nemelex Xobeh
   538 | D        | Noticed a demonic crawler
   538 | D        | Noticed a demonic crawler
   538 | D        | Noticed a demonic crawler
   538 | D        | Noticed a demonic crawler
   540 | D        | Killed a demonic crawler
   541 | D        | Killed a demonic crawler
   541 | D        | Reached skill level 22 in Stealth
   543 | D        | Killed a demonic crawler
   544 | D        | Killed a demonic crawler
   554 | D        | Noticed a gargoyle
   564 | D        | Noticed a lindwurm
   568 | D        | Killed a lindwurm
   568 | D        | Reached skill level 23 in Stealth
   654 | D        | Reached ** piety under Nemelex Xobeh
   655 | D        | Reached XP level 10. HP: 46/46 MP: 24/24
   665 | D        | Reached skill level 24 in Stealth
   668 | D        | Killed a gargoyle
   904 | D        | Received a gift from Nemelex Xobeh
   904 | D        | Noticed a 12-headed hydra
   906 | D        | Killed a 12-headed hydra
   906 | D        | Reached skill level 25 in Stealth
   906 | D        | Reached skill level 10 in Spellcasting
   973 | D        | Noticed a siren
   973 | D        | Noticed a deep elf annihilator
   983 | D        | Received a gift from Nemelex Xobeh
  1147 | D        | Noticed a daeva
  1151 | D        | Noticed an unseen horror
  1151 | D        | Noticed an unseen horror
  1151 | D        | Noticed an unseen horror
  1151 | D        | Noticed an unseen horror
  1157 | D        | Killed an unseen horror
  1158 | D        | Noticed an unseen horror
  1159 | D        | Killed an unseen horror
  1159 | D        | Reached skill level 26 in Stealth
  1160 | D        | Killed an unseen horror
  1160 | D        | Reached XP level 11. HP: 37/50 MP: 20/26
  1162 | D        | Killed an unseen horror
  1164 | D        | Killed an unseen horror
  1238 | D        | Reached *** piety under Nemelex Xobeh
  1335 | D        | Received a gift from Nemelex Xobeh
  1337 | D        | Noticed a fire giant
  1338 | D        | Killed from afar by a fire giant

Skill      XL: |  1  2  3  4  5  6  7  8  9 10 |
---------------+-------------------------------+-----
Short Blades   | 2 3 4 5 6 7 |  7.6
Stealth        | 7 10 13 16 18 21 23 26 | 26.9
Spellcasting   | 3 4 5 6 7 8 9 10 | 10.8
Hexes          | 5 7 8 10 11 12 14 | 14.2
Dodging        | 4 5 6 7 8 9 |  9.7
Ice Magic      | 1 4 |  4.5
Fighting       | 1 2 |  2.3
Shields        | |  0.1
Invocations    | |  0.6

Action                   |  1- 3 |  4- 6 |  7- 9 | 10-12 || total
-------------------------+-------+-------+-------+-------++-------
Melee: Dagger            |    30 |     5 |    11 |    22 ||    68
 Cast: Ensorcelled Hiber |       |     1 |     3 |    20 ||    24
Evoke: Deck              |       |       |     1 |       ||     1
  Use: Potion            |     1 |       |       |       ||     1
 Stab: Sleeping          |     2 |     4 |    11 |    19 ||    36
Armor: Robe              |     6 |     1 |       |     1 ||     8
Dodge: Dodged            |    11 |     1 |     2 |    11 ||    25
Block: Buckler           |       |       |     1 |     3 ||     4
